 Dungeon Crawl Stone Soup version 0.30-a0-585-g93115170b9 (webtiles) character file.

Game seed: 7479906764505129656

102 Newt the Trooper (level 4, -1/38 HPs)
             Began as a Demonspawn Gladiator on Jan 2, 2023.
             Slain by a gnoll
             ... wielding a +0 flail
              (11 damage)
             ... on level 3 of the Dungeon.
             The game lasted 00:02:04 (1677 turns).

Newt the Trooper (Demonspawn Gladiator)             Turns: 1677, Time: 00:02:04

Health: -1/38      AC:  6    Str: 16    XL:     4   Next: 49%
Magic:  4/4        EV: 10    Int:  9    God:
Gold:   114        SH:  7    Dex: 15    Spells: 3/3 levels left

rFire   . . .      SeeInvis .    f - +2 short sword (venom)
rCold   . . .      Faith    .    v - +0 kite shield
rNeg    . . .      Spirit   .    b - +0 leather armour
rPois   .          Reflect  .    (helmet restricted)
rElec   .          Harm     .    j - +0 cloak
rCorr   .          Rampage  .    (no gloves)
Will    .....                    i - +0 pair of boots
Stlth   ++                       (no amulet)
HPRegen 0.26/turn                (no ring)
MPRegen 0.09/turn                (no ring)

@: no status effects
A: antennae 1, rugged brown scales 1
a: no special abilities


You were on level 3 of the Dungeon.
You visited 1 branch of the dungeon, and saw 3 of its levels.

You collected 114 gold pieces.

Inventory:

Hand Weapons
 a - a +0 rapier
 f - a +2 short sword of venom (weapon)
 g - a +1 dagger of venom
Missiles
 d - 3 throwing nets (quivered)
 e - 7 javelins
 h - 6 poisoned darts
Armour
 b - a +0 leather armour (worn)
 c - a +0 helmet
 i - a +0 pair of boots (worn)
 j - a +0 cloak (worn)
 v - a +0 kite shield (worn)
Jewellery
 l - a ring of fire
 q - a ring of wizardry
Scrolls
 k - a scroll of amnesia
 n - a scroll of noise
 o - a scroll of fear {unknown}
 p - a scroll of magic mapping {unknown}
 u - a scroll of identify
Potions
 m - a potion of mutation {unknown}
 r - a potion of curing {unknown}
 s - a potion of heal wounds {unknown}
 t - a potion of haste {unknown}


   Skills:
 - Level 4.0 Fighting
 + Level 3.0 Short Blades
 - Level 1.7 Throwing
 - Level 2.6 Dodging
 - Level 2.0 Stealth


You had 3 spell levels left.
You didn't know any spells.
Your spell library contained the following spells:

 Spells                   Type           Power      Damage    Failure   Level
 Static Discharge         Conj/Air       0%         2-2/arc   95%         2
 Call Canine Familiar     Summ           0%         N/A       99%         3
 Portal Projectile        Hex/Tloc       0%         N/A       99%         3
 Vhi's Electric Charge    Tloc/Air       0%         N/A       99%         3
 Leda's Liquefaction      Hex/Erth       0%         N/A       100%        4
 Arcjolt                  Conj/Air       0%         1d10      100%        5
 Lightning Bolt           Conj/Air       0%         1d11      100%        5


Dungeon Overview and Level Annotations

Branches:
Dungeon (3/15)

Altars:


Innate Abilities, Weirdness & Mutations

You have a pair of small antennae on your head.
You are partially covered in rugged brown scales. (AC +1, +3% HP)


Message History

A gnoll is nearby!
The gnoll hits you with a +0 flail!
You are too injured to fight recklessly!
You are too injured to fight recklessly!
You barely miss the gnoll.
The gnoll drinks a potion.
The gnoll suddenly seems more resistant.
You barely miss the gnoll. You block the gnoll's attack.
You closely miss the gnoll. The gnoll closely misses you.
You hit the gnoll.
The gnoll is poisoned.
The gnoll is lightly wounded.
You hit the gnoll.
The gnoll is almost dead.
The gnoll hits you with a +0 flail.
A gnoll comes into view. It is wielding a +0 club.
The gnoll shouts!
You hear an angry hiss.
You hit the gnoll.
The gnoll is poisoned.
The gnoll is lightly wounded.
You block the gnoll's attack. The gnoll hits you with a +0 flail.
You closely miss the gnoll.
The gnoll is lightly wounded.
The gnoll hits you but does no damage. You block the gnoll's attack.
You hit the gnoll.
The gnoll looks as sick as possible!
The gnoll is heavily wounded.
You block the gnoll's attack. x2
A worm comes into view.
The gnoll attacks as you move away! The gnoll hits you with a +0 flail.
* * * LOW HITPOINT WARNING * * *
You kill the gnoll!
Your Short Blades skill increases to level 3!
You closely miss the gnoll.
The gnoll is severely wounded.
The gnoll hits you but does no damage.
You hit the gnoll but do no damage.
The gnoll is severely wounded.
The gnoll hits you but does no damage.
You hit the gnoll.
The gnoll is almost dead.
The gnoll hits you with a +0 flail!
You die...

#.# #.#
##.# #
#####
##..####.#
#...#
#...#....#
#.<..
#.....#
#....
#..)[w#
###..
#.#)#g#
###
#.)..@# #
#!..).#
#.#.#.#
#.(...#
#.....#
#.#.#.#
#.....#
#.....#
#.#.#.#


You could see a worm and a gnoll (resistant, poisoned).

Vanquished Creatures
  An orc priest (D:3)
  2 adders (D:2)
  A gnoll (D:3)
  A dart slug (D:2)
  4 orcs (D:3)
  4 bats
  3 endoplasms
  2 giant cockroaches
  3 goblins
  8 jackals
  A quokka (D:2)
  2 ball pythons (D:2)
  3 kobolds
  A rat (D:1)
36 creatures vanquished.

Notes
Turn   | Place    | Note
-------+----------+-------------------------------------------
     0 | D:1      | Newt the Demonspawn Gladiator began the quest for the Orb.
     0 | D:1      | Reached XP level 1. HP: 16/16 MP: 1/1
   185 | D:1      | Reached skill level 1 in Stealth
   387 | D:1      | Gained mutation: You are partially covered in rugged brown
                  | scales. (AC +1, +3% HP) [demonic ancestry]
   387 | D:1      | Reached XP level 2. HP: 16/22 MP: 2/2
   945 | D:2      | Noticed a golden eye
   947 | D:2      | Found a faded altar of an unknown god.
   950 | D:2      | Noticed a great orb of eyes
   950 | D:2      | Noticed a floating eye
   950 | D:2      | Noticed a floating eye
   973 | D:2      | Gained mutation: You have a pair of small antennae on your
                  | head. [demonic ancestry]
   973 | D:2      | Reached XP level 3. HP: 28/28 MP: 3/3
  1166 | D:2      | Reached skill level 3 in Fighting
  1619 | D:3      | Reached skill level 4 in Fighting
  1619 | D:3      | Reached XP level 4. HP: 15/38 MP: 4/4
  1677 | D:3      | Slain by a gnoll

Illustrated notes

Levels and vault maps discovered:
D:1:      kilobyte_arrival_exit_the_forest, layout_loops_ring
D:2:      layout_basic, hellmonk_ecumenical_altar_watching_god
D:3:      layout_loops_ring, ashenzari_altar_1, grunt_ministairs_12,
          columned_hall_lemuel

Skill      XL: |  1  2  3  4 |
---------------+-------------+-----
Stealth        | 1 2 |  2.0
Fighting       | 4 |  4.0
Short Blades   | 3 |  3.0
Throwing       | |  1.7
Dodging        | |  2.6

Action                   |  1- 3 |  4- 6 || total
-------------------------+-------+-------++-------
Melee: Dagger            |    53 |       ||    53
       Rapier            |    12 |       ||    12
       Short sword       |    35 |    17 ||    52
  Use: Scroll            |     2 |       ||     2
 Stab: Sleeping          |     4 |       ||     4
Armor: Leather armour    |    46 |     5 ||    51
Dodge: Dodged            |    61 |     1 ||    62
Block: Kite shield       |     7 |     6 ||    13

Table legend: (Time is in decaauts)
 A = Elapsed time spent in this place.
 B = Non-inter-level travel time spent in this place.
 C = Inter-level travel time spent in this place.
 D = Time resting spent in this place.
 E = Time spent auto-exploring this place.
 F = Levels seen in this place.
 G = Mean time per level.
                   A        B        C        D        E       F      G
               +--------+--------+--------+--------+--------+-----+--------+
         Total |   1674 |   1577 |     97 |    167 |   1128 |   3 |  558.0 |
       Dungeon |   1674 |   1577 |     97 |    167 |   1128 |   3 |  558.0 |
               +--------+--------+--------+--------+--------+-----+--------+

Top non-repeatable levels by time:
     D:1: 947 daAuts
     D:2: 522 daAuts
     D:3: 204 daAuts
